 Dungeon Crawl Stone Soup version 0.21-a0-59-g7b0e191 (webtiles) character file.

36591 Duffy the Martial Artist (level 13, -1/101 HPs)
             Began as a Pale Draconian Transmuter on June 16, 2017.
             Was a High Priest of Hepliaklqana.
             Slain by an eight-headed hydra (5 damage)
             ... on level 5 of the Lair of Beasts.
             The game lasted 00:34:39 (22717 turns).

Duffy the Martial Artist (DrTm)                    Turns: 22717, Time: 00:34:40

Health: -1/101     AC: 11    Str: 17    XL:     13   Next: 53%
Magic:  20/20      EV: 20    Int: 17    God:    Hepliaklqana [*****.]
Gold:   821        SH:  0    Dex: 16    Spells: 8/22 levels left

rFire    + . .     SeeInvis .     - Unarmed
rCold    + + .     Gourm    .   (shield currently unavailable)
rNeg     + . .     Faith    .   (armour unavailable)
rPois    .         Spirit   .   E - +2 hat
rElec    .         Reflect  .   l - +0 cloak
rCorr    .         Harm     .   (gloves currently unavailable)
MR       .....                  (no boots)
Stlth    +.........             S - amulet of magic regeneration
HPRegen  0.26/turn              p - +5 ring of strength
MPRegen  0.42/turn              K - ring "Neemurom" {*Contam rF+ rC+ rN+ Int+2}

@: blade hands (expiring)
A: breathe steam, unfitting armour, reduced essence, cold resistance 1,
cold-blooded, AC +8
a: Breathe Steam, End Transformation, Recall Ancestor, Ancestor Identity,
Transference, Idealise, Renounce Religion


You were on level 5 of the Lair of Beasts.
You worshipped Hepliaklqana.
Hepliaklqana was extremely pleased with you.
You were not hungry.
You had blades for hands.
You visited 2 branches of the dungeon, and saw 16 of its levels.
You also visited: Bailey.

You collected 940 gold pieces.
You spent 119 gold pieces at shops.

Inventory:

Hand Weapons
 I - a +0 blowgun
Missiles
 G - 5 throwing nets (quivered)
 O - 361 arrows
Armour
 l - a +0 cloak (worn)
 E - a +2 hat (worn)
Magical Staves
 a - an uncursed staff of wizardry (melded) {!a}
Jewellery
 k - an uncursed ring of see invisible
 p - a +5 ring of strength (left scythe-like blade)
 z - an uncursed ring of fire
 K - the ring "Neemurom" (right scythe-like blade) {*Contam rF+ rC+ rN+ Int+2}
   (You found it on level 4 of the Lair of Beasts)

   [ring of protection from fire]

   It affects your intelligence (+2).
   It protects you from fire.
   It protects you from cold.
   It protects you from negative energy.
   It causes magical contamination when unequipped.
 S - an amulet of magic regeneration (around neck)
Wands
 j - a wand of polymorph (13/24)
 q - a wand of flame (35/48)
 t - a wand of clouds (3/9)
 v - a wand of flame (43/48)
 y - a wand of paralysis (10/24)
 B - a wand of scattershot (5/9)
 J - a wand of iceblast (6/15)
 M - a wand of confusion (14/48)
 N - a wand of acid (8/15)
 Q - a wand of paralysis (21/24)
 V - a wand of scattershot (4/9)
 W - a wand of enslavement (11/24)
Scrolls
 d - 4 scrolls of fear
 h - 9 scrolls of teleportation
 i - 3 scrolls of blinking
 n - 4 scrolls of enchant armour
 o - a scroll of remove curse
 s - 2 scrolls of immolation
 u - 6 scrolls of magic mapping
 C - a scroll of amnesia
 D - a scroll of enchant weapon
 L - 2 scrolls of fog
 P - a scroll of acquirement {unknown}
 R - a scroll of holy word {unknown}
 X - a scroll of vulnerability {unknown}
Potions
 e - a potion of curing
 f - 3 potions of haste
 g - a potion of might
 r - a potion of lignification {unknown}
 x - 3 potions of heal wounds
 A - 3 potions of flight
 F - 2 potions of brilliance
 T - 2 potions of invisibility
 Y - a potion of magic {unknown}
Books
 b - a book of Changes

   Spells                             Type                      Level
   a - Beastly Appendage              Transmutation                1
   b - Sticks to Snakes               Transmutation                2
   c - Spider Form                    Transmutation/Poison         3
   d - Ice Form                       Ice/Transmutation            4
   e - Blade Hands                    Transmutation                5
 H - a book of Geomancy

   Spells                             Type                      Level
   a - Sandblast                      Earth                        1
   b - Passwall                       Transmutation/Earth          2
   c - Stone Arrow                    Conjuration/Earth            3
   d - Petrify                        Transmutation/Earth          4
   e - Lee's Rapid Deconstruction     Earth                        5
Comestibles
 c - 6 bread rations
 m - 21 fruits
 w - 6 meat rations
 Z - 2 royal jellies


   Skills:
 - Level 10.0 Fighting
 - Level 10.4 Dodging
 - Level 12.0 Unarmed Combat
 + Level 5.2 Spellcasting
 + Level 8.5 Transmutations
 - Level 2.0 Poison Magic
 - Level 10.0 Invocations
 - Level 6.5 Evocations


You had 8 spell levels left.
You knew the following spells:

 Your Spells              Type           Power        Failure   Level  Hunger
h - Blade Hands           Tmut           ####......   50%         5    ######.
j - Spider Form           Tmut/Pois      ###.......   32%         3    ###....
k - Ice Form              Ice/Tmut       ###.....     67%         4    ####...
l - Sticks to Snakes      Tmut           ####....     13%         2    #......


Dungeon Overview and Level Annotations

Branches:
Dungeon (10/15)            Temple (0/1) D:4            Lair (6/6) D:10
  Swamp (0/4) Lair:3       Spider (0/4) Lair:2        Slime (0/5) Lair:5
    Orc: D:9-12

Altars:
Cheibriados
Gozag
Hepliaklqana
Kikubaaqudgha
Okawaru
Qazlal
Sif Muna
Trog
Uskayaw
Wu Jian
Xom
Yredelemnul
The Shining One
Jiyva

Shops:
D:4 ?   D:6 }   D:9 %

Annotations:
Lair:3 xgamer67's ghost, journeyman HuWn
Lair:5 1 runed door


Innate Abilities, Weirdness & Mutations

You can breathe blasts of scalding, opaque steam.
Your pale cyan-grey scales are hard. (AC +8)
You cannot fit into any form of body armour.
You are cold-blooded and may be slowed by cold attacks.
Your life essence is reduced to manifest your ancestor. (-10% HP)
Your flesh is cold resistant. (rC+)


Message History

Something hits you but does no damage.
You hear some strange, mumbled words.
Your transformation is almost over.
There is a stone staircase leading up here.
The eight-headed hydra bites you! x2; The eight-headed hydra bites you.
The eight-headed hydra misses you.
The eight-headed hydra completely misses you.
The eight-headed hydra bites you! x2
The eight-headed hydra closely misses you.
Something misses you.
You climb upwards.
The crocodile dissolves into shadows! x2
The basilisk dissolves into shadows!
Level annotation: 1 runed door
There is a stone staircase leading down here.
You closely miss something.
Your tail-slap misses something.
Your slash misses something. The eight-headed hydra misses you.
The eight-headed hydra bites you! x2
The eight-headed hydra completely misses you.
The eight-headed hydra bites you! x2; The eight-headed hydra bites you.
You die...

.................................
..P.#............#...............
...#......P.PP.#.#.........P#P#..
..........P#.....#R....##..####..
..................#...###..###...
..............#####.........#....
.#.#.......#.#..}................
.###.......#+..D.......##........
.##.........R#}.@.}.....#.P####..
.............#.....#..##...###...
..............#...##......###.#..
.....#..#.##.#.#+###.#..####.....
....##.....###.....###......#....
............#.....#.#....#.......
...P.............................
#PPP....}.....#.}.#.+...}.?......
..P.+.........#...#.#............


You could see an eight-headed hydra.

Vanquished Creatures
  Rupert (Lair:3)
  Kirke (Lair:4)
  The ghost of Canard the Cruncher, a journeyman HOAr of Uskayaw (Lair:3)
  Snorg (Lair:4)
  4 hydras
  The ghost of Nattefrost the Spear-Bearer, a journeyman DsBe of Trog (Lair:1)
  A catoblepas (Lair:5)
  A two-headed ogre (D:7)
  Erica (D:8)
  2 death yaks (Lair:4)
  The ghost of xgamer67 the Firebug, a novice HOFE of Ashenzari (D:7)
  4 oklob plants (Lair:4)
  Maurice (D:8)
  5 black mambas
  2 torpor snails (Lair:4)
  4 spiny frogs
  A centaur skeleton (D:8)
  2 rime drakes
  4 komodo dragons
  3 trolls
  A hippogriff (Lair:4)
  A slime creature (D:10)
  2 dream sheep (Lair:4)
  A redback (Lair:2)
  20 yaks
  Sigmund (D:2)
  8 hogs
  A wyvern (Lair:4)
  2 hungry ghosts
  2 basilisks
  A human (D:7)
  Menkaure (D:5)
  A warg (Lair:2)
  Duvessa (D:5)
  5 water moccasins
  4 porcupines
  3 sky beasts
  A black bear (Lair:2)
  A necrophage (D:5)
  2 orc warriors
  A phantom (D:5)
  14 wolves
  4 centaurs
  5 ogres
  8 crocodiles
  A big kobold (D:10)
  12 bullfrogs
  Blork the orc (D:5)
  Dowan (D:5)
  3 scorpions
  5 wights (D:6)
  2 howler monkeys
  An electric eel (Lair:3)
  A crimson imp (D:8)
  A quasit (D:6)
  A bullfrog zombie (D:10)
  A centaur zombie (D:7)
  5 hounds
  7 jellies
  5 orc priests
  2 bullfrog skeletons
  Terence (D:2)
  3 iguanas
  4 orc wizards
  8 worker ants
  5 hell rats (Lair:5)
  A hound zombie (D:9)
  A howler monkey zombie (D:5)
  Robin (D:2)
  2 gnolls (D:5)
  11 adders
  5 river rats
  A shadow imp (D:5)
  10 oozes (D:10)
  2 adder skeletons
  2 adder zombies
  2 worms
  3 dart slugs
  6 leopard geckos
  28 orcs
  5 giant cockroaches
  15 goblins
  15 hobgoblins
  5 jackals
  2 quokkas
  9 bats
  3 frilled lizards (D:1)
  12 kobolds
  A leopard gecko skeleton (D:8)
  17 rats
  3 plants (Lair:4)
364 creatures vanquished.

Vanquished Creatures (collateral kills)
  Harold (Lair:1)
  2 spiny frogs
  A komodo dragon (Lair:1)
  The ghost of Kenran the Carver, a novice TeBe of Trog (D:4)
  A hippogriff (D:8)
  A dream sheep (Lair:4)
  A yak (Lair:5)
  2 porcupines
  2 sky beasts (D:7)
  An ogre (D:10)
  A centaur (D:7)
  A wolf (Lair:6)
  A crocodile (Lair:2)
  3 bullfrogs
  A scorpion (D:9)
  A howler monkey (D:7)
  An electric eel (Lair:3)
  A crimson imp (D:8)
  A bullfrog zombie (D:7)
  A bullfrog skeleton (D:4)
  A jelly (D:5)
  An orc wizard (D:6)
  A river rat (Lair:5)
  2 adders
  A leopard gecko (D:7)
  6 orcs
  A goblin (D:10)
  A plant (Lair:4)
39 creatures vanquished.

Vanquished Creatures (others)
  A human (Lair:4)
  8 hexers
  4 ancestors
  A bush (Lair:1)
  8 fungi
  3 plants
25 creatures vanquished.

Grand Total: 428 creatures vanquished

Notes
Turn   | Place    | Note
-------+----------+-------------------------------------------
     0 | D:1      | Duffy the Draconian Transmuter began the quest for the Orb.
     0 | D:1      | Reached XP level 1. HP: 16/16 MP: 3/3
   252 | D:1      | Reached XP level 2. HP: 23/23 MP: 5/5
   403 | D:1      | Reached skill level 4 in Unarmed Combat
   886 | D:1      | Reached XP level 3. HP: 22/28 MP: 6/6
   903 | D:1      | Learned a level 2 spell: Sticks to Snakes
   913 | D:1      | Learned a level 3 spell: Spider Form
  1461 | D:2      | Noticed Robin
  1886 | D:2      | Killed Robin
  1886 | D:2      | Reached skill level 1 in Poison Magic
  2060 | D:2      | Noticed Terence
  2076 | D:2      | Killed Terence
  2076 | D:2      | Reached XP level 4. HP: 17/35 MP: 1/7
  2674 | D:2      | Noticed Sigmund
  2701 | D:2      | Killed Sigmund
  2701 | D:2      | Reached XP level 5. HP: 16/40 MP: 5/8
  2933 | D:2      | Reached skill level 5 in Unarmed Combat
  2933 | D:2      | Reached XP level 6. HP: 43/47 MP: 9/9
  4894 | D:4      | Found Rashoeva's Magic Scroll Shoppe.
  4902 | D:4      | Bought a scroll of identify for 28 gold pieces
  4902 | D:4      | Bought a scroll of random uselessness for 14 gold pieces
  4902 | D:4      | Bought a scroll of fog for 28 gold pieces
  4902 | D:4      | Bought a scroll of magic mapping for 49 gold pieces
  4913 | D:4      | Found an iron altar of Okawaru.
  4913 | D:4      | Found an ornate altar of the Wu Jian Council.
  4915 | D:4      | Found an ancient bone altar of Kikubaaqudgha.
  4924 | D:4      | Found an opulent altar of Gozag.
  4924 | D:4      | Found a deep blue altar of Sif Muna.
  4924 | D:4      | Found a snail-covered altar of Cheibriados.
  4924 | D:4      | Found a stormy altar of Qazlal.
  4925 | D:4      | Found a hazy altar of Hepliaklqana.
  4926 | D:4      | Found a basalt altar of Yredelemnul.
  4927 | D:4      | Found a hide-covered altar of Uskayaw.
  4950 | D:4      | Became a worshipper of Hepliaklqana the Forgotten
  5018 | D:4      | Your scales start taking on a pale cyan-grey colour.
  5018 | D:4      | Reached XP level 7. HP: 46/46 MP: 10/10
  5053 | D:4      | Found a shimmering altar of Xom.
  5053 | D:4      | Found a shimmering altar of Xom.
  5055 | D:4      | Found a shimmering altar of Xom.
  5055 | D:4      | Found a shimmering altar of Xom.
  5055 | D:4      | Found a shimmering altar of Xom.
  5055 | D:4      | Found a shimmering altar of Xom.
  5202 | D:4      | Reached skill level 5 in Dodging
  5202 | D:4      | Reached skill level 6 in Unarmed Combat
  5312 | D:4      | Noticed Kenran's ghost (novice TeBe)
  5425 | D:4      | Killed Kenran's ghost
  5656 | D:4      | Found a staircase to the Ecumenical Temple.
  6029 | D:5      | Entered Level 5 of the Dungeon
  6051 | D:5      | Noticed Blork the orc
  6059 | D:5      | Killed Blork the orc
  6059 | D:5      | Reached skill level 7 in Unarmed Combat
  6261 | D:5      | Reached * piety under Hepliaklqana
  6279 | D:5      | Noticed Duvessa
  6283 | D:5      | Noticed Dowan
  6292 | D:5      | Killed Duvessa
  6292 | D:5      | Reached XP level 8. HP: 42/53 MP: 11/11
  6762 | D:5      | Killed Dowan
  6765 | D:5      | Reached skill level 8 in Unarmed Combat
  6970 | D:5      | Noticed Menkaure
  6982 | D:5      | Killed Menkaure
  7551 | D:6      | Found Nemad's Gadget Boutique.
  7562 | D:6      | Reached XP level 9. HP: 57/57 MP: 12/12
  7626 | D:6      | Reached skill level 9 in Unarmed Combat
  8555 | D:6      | Reached ** piety under Hepliaklqana
  8556 | D:6      | Remembered your ancestor Simosihle as a hexer
  8962 | D:7      | Noticed xgamer67's ghost (novice HOFE)
  8991 | D:7      | Killed xgamer67's ghost
  9226 | D:7      | Noticed a two-headed ogre
  9241 | D:7      | Killed a two-headed ogre
  9241 | D:7      | Reached skill level 5 in Fighting
  9241 | D:7      | Reached skill level 5 in Transmutations
  9241 | D:7      | Reached XP level 10. HP: 72/72 MP: 10/13
  9267 | D:7      | Learned a level 5 spell: Blade Hands
  9366 | D:7      | Learned a level 4 spell: Ice Form
  9497 | D:7      | Found a glowing golden altar of the Shining One.
  9654 | D:7      | Found an opulent altar of Gozag.
 10531 | D:8      | Noticed Maurice
 10542 | D:8      | Killed Maurice
 10542 | D:8      | Reached skill level 1 in Evocations
 10752 | D:8      | Noticed Erica
 10761 | D:8      | Killed Erica
 10926 | D:8      | Found a bloodstained altar of Trog.
 11311 | D:9      | Found Cinaol's Food Boutique.
 11423 | D:9      | Reached *** piety under Hepliaklqana
 11478 | D:9      | Reached XP level 11. HP: 78/80 MP: 17/17
 12220 | D:9      | Gained mutation: You evolve. [mutagenic meat]
 12296 | D:10     | Entered Level 10 of the Dungeon
 12296 | D:10     | Found a staircase to the Lair.
 12364 | D:10     | Reached skill level 10 in Unarmed Combat
 12388 | D:10     | Found a flagged portal.
 12492 | Bailey   | Entered a bailey
 12492 | Bailey   | Noticed minicreteconcrete's ghost (journeyman FoFi)
 13102 | D:10     | Reached **** piety under Hepliaklqana
 13195 | D:10     | Reached skill level 5 in Evocations
 13295 | D:10     | Gained mutation: Your flesh is cold resistant. (rC+) [evolution]
 13323 | Lair:1   | Entered Level 1 of the Lair of Beasts
 13423 | Lair:1   | Noticed Harold
 13430 | Lair:1   | Noticed a four-headed hydra
 13438 | Lair:1   | Killed Harold
 13684 | Lair:1   | Killed a four-headed hydra
 13798 | Lair:1   | Noticed Nattefrost's ghost (journeyman DsBe)
 13826 | Lair:1   | Killed Nattefrost's ghost
 14317 | Lair:1   | Reached skill level 11 in Unarmed Combat
 14976 | Lair:2   | Found a hole to the Spider Nest.
 15351 | Lair:2   | Reached skill level 1 in Invocations
 15539 | Lair:2   | Reached XP level 12. HP: 88/90 MP: 13/18
 15717 | Lair:1   | Reached skill level 12 in Unarmed Combat
 16683 | Lair:3   | Noticed Rupert
 16684 | Lair:3   | Paralysed by Rupert for 2 turns
 16783 | Lair:3   | Lost mutation: You evolve. [end of evolution]
 16815 | Lair:3   | Killed Rupert
 16815 | Lair:3   | Reached skill level 5 in Invocations
 17004 | Lair:3   | Found a staircase to the Swamp.
 17184 | Lair:3   | Noticed Canard's ghost (journeyman HOAr)
 17198 | Lair:3   | Killed Canard's ghost
 17321 | Lair:3   | Noticed a five-headed hydra
 17556 | Lair:3   | Killed a five-headed hydra
 17557 | Lair:3   | Noticed xgamer67's ghost (journeyman HuWn)
 18254 | Lair:4   | Noticed a death yak
 18255 | Lair:4   | Noticed a death yak
 18276 | Lair:4   | Killed a death yak
 18283 | Lair:4   | Killed a death yak
 18411 | Lair:4   | Reached skill level 10 in Invocations
 18765 | Lair:4   | Reached ***** piety under Hepliaklqana
 18787 | Lair:4   | Noticed Snorg
 18799 | Lair:4   | Killed Snorg
 19029 | Lair:4   | Reached XP level 13. HP: 95/97 MP: 15/20
 19272 | Lair:4   | Noticed Kirke
 19285 | Lair:4   | Noticed a sphinx
 19309 | Lair:4   | Killed Kirke
 21033 | Lair:4   | Got a glittering pewter ring
 21035 | Lair:4   | Identified the ring "Neemurom" {*Contam rF+ rC+ rN+ Int+2} (You found it on level 4 of the Lair of Beasts)
 21294 | Lair:5   | Reached skill level 10 in Fighting
 21311 | Lair:5   | Reached skill level 10 in Dodging
 22297 | Lair:5   | Reached skill level 5 in Spellcasting
 22568 | Lair:5   | Found a runed door.
 22568 | Lair:5   | Found a viscous altar of Jiyva.
 22568 | Lair:5   | Found a staircase to the Slime Pits.
 22568 | Lair:5   | Noticed an acid blob
 22634 | Lair:6   | Entered Level 6 of the Lair of Beasts
 22717 | Lair:5   | HP: 4/101 [eight-headed hydra (7)]
 22717 | Lair:5   | Slain by an eight-headed hydra

Vault maps used:
D:1:      eino_arrival_druids_welcome, st_stairs_2
D:2:      minmay_misc_feat_five, uniq_robin, uniq_terence, uniq_sigmund
D:3:      minmay_misc_feat_secret_circle
D:4:      minitemple, minmay_temple_entry_poolview, serial_shops, shop,
          xom_redecorated
D:5:      wad_woods_tower, first_bread, minmay_misc_feat_cross, uniq_menkaure,
          uniq_blork_the_orc, uniq_duvessa
D:6:      serial_shops, nicolae_shop_trees
D:7:      basic_altar, grunt_livestock, small_statue_alley_b, tso_altar
D:8:      bloody_trog, uniq_erica, uniq_maurice
D:9:      serial_shops, shop
D:10:     lemuel_slime, lair_entry_dummy, enter_bailey_3
Lair:1:   beast_lair_carwin_7, lemuel_fruit_tree, uniq_harold
Lair:2:   beast_lair_carwin_large_3, spider_nest_entry_rubble, ldierk_geyser,
          grunt_megastairs_2
Lair:3:   swamp_mist_pool, grunt_forest_large_clearing_hut, uniq_rupert
Lair:4:   ldierk_geyser, grunt_megastairs_5, minmay_lair_oklob_chamber,
          uniq_snorg, uniq_kirke
Lair:5:   slime_altar_2, serial_bayou_pond_b, kennysheep_abandoned_house,
          grunt_megastairs_1
Lair:6:   minmay_lair_end_enchanted_forest, patterned_corridor
Bailey:   bailey_polearm_flooded_kennysheep, bailey

Skill      XL: |  1  2  3  4  5  6  7  8  9 10 11 12 13 |
---------------+----------------------------------------+-----
Unarmed Combat | 4 5 7 8 9 11 12 | 12.0
Poison Magic   | 1 2 |  2.0
Dodging        | 3 4 6 7 8 9 10 | 10.4
Fighting       | 5 6 8 10 | 10.0
Transmutations | 5 8 |  8.5
Spellcasting   | 4 5 |  5.2
Evocations     | 2 6 |  6.5
Invocations    | 1 10 | 10.0

Action                   |  1- 3 |  4- 6 |  7- 9 | 10-12 | 13-15 || total
-------------------------+-------+-------+-------+-------+-------++-------
Melee: Unarmed           |   183 |   222 |   284 |   543 |   133 ||  1365
       Tailslap          |    17 |    15 |    34 |    58 |    24 ||   148
       Punch             |     1 |     2 |     7 |    20 |     9 ||    39
 Cast: Spider Form       |     1 |     8 |    11 |    17 |       ||    37
       Blade Hands       |       |       |       |    21 |    10 ||    31
       Ice Form          |       |       |       |    11 |     2 ||    13
Invok: Ancestor Life: He |       |       |     1 |       |       ||     1
       Recall Ancestor   |       |       |       |     1 |       ||     1
 Abil: Breathe Steam     |       |       |    17 |       |    24 ||    41
       End Transformatio |       |       |       |     2 |       ||     2
Evoke: Wand              |       |       |       |     5 |     4 ||     9
  Use: Scroll            |       |     9 |     4 |     8 |     3 ||    24
       Potion            |       |       |       |     4 |       ||     4
 Stab: Sleeping          |     2 |     1 |       |     1 |       ||     4
       Distracted        |       |     1 |     1 |     5 |     4 ||    11
       Confused          |       |       |       |     3 |       ||     3
  Eat: Chunk             |     4 |    11 |    17 |    26 |     9 ||    67
       Royal jelly       |       |       |       |     8 |       ||     8
       Bread ration      |       |       |       |     1 |     2 ||     3
Armor: Skin              |    44 |    57 |    38 |    77 |    27 ||   243
Dodge: Dodged            |   108 |   146 |   220 |   399 |   107 ||   980
